 Dungeon Crawl Stone Soup version 0.28.0-62-gf88900778d (webtiles) character file.

Game seed: 6927509951890218457

49748 cbfl8 the Severer (level 14, -1/129 HPs)
             Began as a Minotaur Berserker on Mar 9, 2023.
             Was a High Priest of Trog.
             Slain by an entropy weaver (9 damage)
             ... in a Gauntlet.
             The game lasted 00:25:28 (24397 turns).

cbfl8 the Severer (Minotaur Berserker)             Turns: 24397, Time: 00:25:29

Health: -1/129     AC: 11    Str: 33    XL:     14   Next: 17%
Magic:  4/4        EV: 14    Int:  4    God:    Trog [*****.]
Gold:   1167       SH:  0    Dex: 15    Spells: 13/13 levels left

rFire   . . .      SeeInvis .   E - +9 battleaxe (antimagic)
rCold   x . .      Faith    .   (shield currently unavailable)
rNeg    . . .      Spirit   .   x - +2 chain mail {rPois}
rPois   +          Reflect  .   S - +1 hat {Stlth+}
rElec   .          Harm     .   B - +0 cloak
rCorr   .          Rampage  .   (no gloves)
Will    +....      NoTele   +   e - +0 pair of boots
Stlth   ++........              L - amulet "Zogar" {Acrobat rC- Str+5}
HPRegen 0.31/turn               d - +6 ring of strength
MPRegen 0.09/turn               g - ring of poison resistance

@: lethally poisoned (-1 -> -39), corroded, on berserk cooldown, slowed, very
slow
A: horns 2, retaliatory headbutt
a: Renounce Religion, Berserk, Trog's Hand, Brothers in Arms


You were in a Gauntlet.
You worshipped Trog.
Trog was extremely pleased with you.
You visited 2 branches of the dungeon, and saw 17 of its levels.
You also visited: Bailey and Gauntlet.

You collected 1167 gold pieces.

Inventory:

Hand Weapons
 E - a +9 antimagic battleaxe (weapon)
Armour
 e - a +0 pair of boots (worn)
 x - a +2 chain mail of poison resistance (worn)
 B - a +0 cloak (worn)
 S - a +1 hat of stealth (worn)
Jewellery
 d - a +6 ring of strength (left hand)
 g - a ring of poison resistance (right hand)
 j - a ring of protection from fire
 L - the amulet "Zogar" (around neck) {Acrobat rC- Str+5}
   (You found it on level 11 of the Dungeon)

   [amulet of the acrobat]

   It increases your evasion while moving and waiting.
   Str:       It affects your strength (+5).
   rC:        It makes you vulnerable to cold.
 R - a ring of protection from cold
Wands
 k - a wand of iceblast (30) (quivered)
 o - a wand of paralysis (3)
 y - a wand of acid (15)
 F - a wand of polymorph (11)
 I - a wand of flame (9)
 O - a wand of charming (5)
Scrolls
 a - 2 scrolls of noise
 f - a scroll of brand weapon {unknown}
 h - 9 scrolls of teleportation
 q - 3 scrolls of acquirement
 r - a scroll of enchant weapon
 t - 3 scrolls of fear
 u - a scroll of holy word {unknown}
 w - a scroll of silence {unknown}
 C - 4 scrolls of immolation
 G - 3 scrolls of fog
 N - a scroll of blinking {unknown}
 P - a scroll of enchant armour
 Q - a scroll of magic mapping {unknown}
Potions
 c - 8 potions of curing
 m - 4 potions of heal wounds
 p - a potion of lignification {unknown}
 s - 4 potions of mutation
 v - 7 potions of haste
 z - 4 potions of attraction
 A - a potion of resistance {unknown}
 D - 7 potions of might
 J - a potion of cancellation
 K - 2 potions of berserk rage {unknown}
 M - 5 potions of invisibility {unknown}
Miscellaneous
 b - a phantom mirror
 i - a condenser vane
 l - a piece from Xom's chessboard (15/15)
 H - a condenser vane
 T - a phial of floods


   Skills:
 * Level 13.3 Fighting
 * Level 16.0 Axes
 * Level 13.8 Armour
 * Level 9.6 Dodging
 * Level 7.8 Stealth
 * Level 7.6 Evocations


You had 13 spell levels left.
You didn't know any spells.
Your spell library was empty.

Dungeon Overview and Level Annotations

Branches:
Dungeon (15/15)            Temple (0/1) D:7            Lair (2/6) D:11
    Orc (0/2) D:10         Vaults (0/5) D:14         Depths (0/4) D:15
 Bailey (visited)         Gauntlet (1/1)
  Swamp: Lair:2-4    Shoals: Lair:2-4     Snake: Lair:2-4    Spider: Lair:2-4

Altars:
Ashenzari
Gozag
Kikubaaqudgha
Makhleb
Qazlal
Sif Muna
Trog
Uskayaw
Xom
Yredelemnul
Zin
The Shining One

Portals:
Trove: D:10 (give 5 potions of resistance)

Annotations:
Gauntlet 7 transporters, 1 runed translucent door


Innate Abilities, Weirdness & Mutations

You have a pair of horns on your head.
You reflexively headbutt those who attack you in melee.


Message History

Your fire bat bites the redback but does no damage.
The redback closely misses your fire bat.
The wolf spider hits you.
* * * LOW HITPOINT WARNING * * *
The wolf spider misses you.
The entropy weaver hits you but does no damage. x2
The entropy weaver hits you.
* * * LOW HITPOINT WARNING * * *
The entropy weaver hits you.
* * * LOW HITPOINT WARNING * * *
Okay, then.
Okay, then.
You feel much better.
Your fire bat bites the redback.
The redback is engulfed in flames.
The redback dies!
Trog accepts your kill.
Your fire bat closely misses the wolf spider.
Your fire bat bites the wolf spider but does no damage.
Your fire bat misses the entropy weaver.
The wolf spider closely misses you. The wolf spider bites you.
* * * LOW HITPOINT WARNING * * *
You are lethally poisoned!
The wolf spider poisons you!
Your fire bat bites the wolf spider.
The wolf spider is engulfed in flames.
The entropy weaver misses you. You furiously retaliate!
You headbutt the entropy weaver, but do no damage.
The entropy weaver closely misses you.
The entropy weaver hits you but does no damage.
The entropy weaver hits you.
* * * LOW HITPOINT WARNING * * *
Your fire bat barely misses the entropy weaver.
The wolf spider closely misses you. The wolf spider bites you.
* * * LOW HITPOINT WARNING * * *
Your fire bat bites the wolf spider.
The wolf spider is engulfed in flames!
The wolf spider dies!
Trog accepts your kill. The entropy weaver barely misses you.
The entropy weaver hits you but does no damage.
The entropy weaver hits you!
You die...

##≈.#T.w#^.©#.≈##
#≈≈.#########.≈≈#
##≈....#©..8#.≈##
##..8.#...©#.##
##≈....#©..8#.≈##
#≈≈.#########.≈≈#
##≈.#.=.s##.#.≈##
##.#.!.##..#.##
##≈.#..##@..#.≈##
#≈≈.#.##©B#.#.≈≈#
##≈.#.#bb##.#.≈##
##.#†..##..#.## ##
##≈.#..##s..#..###≈##
#≈≈.#########...#≈≈≈#
##≈....#©..8#...#...#
##..8.#...©#.8.#...#
##≈....#©..8#.⌠.#.8.##.


You could see an entropy weaver (ally target) and 2 friendly fire bats.

Vanquished Creatures
  Jorgrun (D:15)
  Gastronok (Lair:2)
  Roxanne (D:14)
  An orc warlord (Bailey)
  Louise (D:14)
  Josephine (D:14)
  A rakshasa (D:15)
  3 hydras
  2 boulder beetles (D:13)
  4 two-headed ogres
  3 centaur warriors
  A death knight (D:11)
  A tengu warrior (D:14)
  Sonja (D:12)
  Urug (D:13)
  A titan skeleton (D:15)
  2 skeletal warriors (D:14)
  A tengu zombie (D:15)
  A necromancer (D:15)
  3 deep elf pyromancers
  2 ugly things
  A phantasmal warrior (D:14)
  An orc knight (Bailey)
  An iron dragon zombie (D:15)
  5 cyclopes
  A shining eye (shapeshifter) (D:14)
  A moth of wrath (Gauntlet)
  3 manticores
  A worldbinder (Gauntlet)
  2 black mambas (Lair:1)
  6 cane toads
  2 gargoyles (D:12)
  A spriggan zombie (D:15)
  2 efreet
  2 kobold demonologists
  6 komodo dragons
  A komodo dragon (shapeshifter) (D:15)
  4 yaktaurs (D:15)
  2 tengu conjurers (D:14)
  2 trolls
  2 polar bears (Lair:2)
  15 slime creatures
  A hornet (D:9)
  4 shadows
  Sigmund (D:2)
  4 wyverns (D:11)
  12 yaks
  A fire bat (shapeshifter) (D:14)
  6 wraiths
  A basilisk (Lair:2)
  9 vampire mosquitoes
  12 water moccasins
  A floating eye (shapeshifter) (D:14)
  6 black bears
  3 ice beasts
  12 orc warriors
  A necrophage (D:8)
  3 ogres
  5 boggarts
  4 wolves
  5 centaurs
  2 phantoms
  4 kobold brigands
  7 bullfrogs
  9 killer bees
  6 howler monkeys
  An electric eel (D:13)
  2 bullfrog zombies
  2 centaur zombies (D:9)
  4 hounds
  7 jellies
  7 orc priests
  3 iguanas
  14 orc wizards
  A killer bee zombie (D:9)
  A hound skeleton (D:5)
  3 howler monkey zombies
  3 gnolls
  A howler monkey skeleton (D:6)
  8 adders
  A white imp (D:6)
  An ufetubus (D:5)
  An adder skeleton (D:5)
  2 worms
  6 dart slugs
  52 orcs
  6 endoplasms
  4 giant cockroaches
  17 goblins
  10 hobgoblins
  4 jackals (D:1)
  7 quokkas
  5 ball pythons
  4 bats
  6 frilled lizards
  24 kobolds
  14 rats
  A spectral orc (D:13)
  A bush (Lair:2)
436 creatures vanquished.

Vanquished Creatures (collateral kills)
  A wolf spider (Gauntlet)
  A redback (Gauntlet)
2 creatures vanquished.

Vanquished Creatures (others)
  2 bushes (D:11)
  A demonic plant (Gauntlet)
  11 fungi
  21 plants
  3 withered plants (D:15)
38 creatures vanquished.

Grand Total: 476 creatures vanquished

Notes
Turn   | Place    | Note
-------+----------+-------------------------------------------
     0 | D:1      | cbfl8 the Minotaur Berserker began the quest for the Orb.
     0 | D:1      | Reached XP level 1. HP: 19/19 MP: 0/0
   208 | D:1      | Reached XP level 2. HP: 26/27 MP: 1/1
   386 | D:1      | Reached skill level 4 in Axes
   485 | D:1      | Reached ** piety under Trog
   486 | D:1      | Reached XP level 3. HP: 32/33 MP: 2/2
   550 | D:1      | Found a faded altar of an unknown god.
  1175 | D:2      | Noticed Sigmund
  1183 | D:2      | Killed Sigmund
  1184 | D:2      | Reached skill level 5 in Fighting
  1184 | D:2      | Reached skill level 5 in Axes
  1184 | D:2      | Reached skill level 1 in Stealth
  1184 | D:2      | Reached skill level 1 in Evocations
  1184 | D:2      | Reached XP level 4. HP: 42/42 MP: 3/3
  1184 | D:2      | Reached XP level 5. HP: 48/48 MP: 4/4
  1552 | D:2      | Found a shimmering altar of Xom.
  1861 | D:3      | Reached XP level 6. HP: 55/56 MP: 5/5
  1903 | D:3      | Reached *** piety under Trog
  1995 | D:3      | Found a hide-covered altar of Uskayaw.
  2339 | D:3      | Found a broken altar of Ashenzari.
  2714 | D:4      | Found a burning altar of Makhleb.
  2773 | D:4      | Reached skill level 6 in Axes
  3256 | D:4      | Found a glowing silver altar of Zin.
  3421 | D:5      | Entered Level 5 of the Dungeon
  3421 | D:5      | Noticed a water moccasin
  3429 | D:5      | Killed a water moccasin
  3430 | D:5      | Reached XP level 7. HP: 62/62 MP: 6/6
  3457 | D:5      | Reached **** piety under Trog
  3664 | D:5      | Reached skill level 7 in Axes
  3664 | D:5      | Reached skill level 5 in Armour
  3664 | D:5      | Reached XP level 8. HP: 70/70 MP: 7/7
  5447 | D:6      | Found a shimmering altar of Xom.
  5561 | D:6      | Reached skill level 8 in Axes
  5568 | D:6      | HP: 1/109 [orc warrior/+0 scimitar (10)]
  5570 | D:6      | Reached XP level 9. HP: 1/79 MP: 8/8
  5571 | D:6      | Reached ***** piety under Trog
  6286 | D:6      | Identified 2 scrolls of acquirement
  6574 | D:7      | Reached skill level 5 in Dodging
  6808 | D:7      | Found a staircase to the Ecumenical Temple.
  6905 | D:7      | Received a gift from Trog
  7014 | D:7      | Found an opulent altar of Gozag.
  7952 | D:7      | Found a shimmering blue altar of Sif Muna.
  8421 | D:8      | Reached skill level 9 in Axes
  9625 | D:9      | Noticed a troll
  9632 | D:9      | Killed a troll
  9633 | D:9      | Reached XP level 10. HP: 89/89 MP: 3/9
  9786 | D:9      | Found a stormy altar of Qazlal.
 10012 | D:9      | Found an ancient bone altar of Kikubaaqudgha.
 10012 | D:9      | Found a glowing golden altar of the Shining One.
 10547 | D:10     | Entered Level 10 of the Dungeon
 10610 | D:10     | Noticed a two-headed ogre
 10618 | D:10     | Killed a two-headed ogre
 10619 | D:10     | Reached skill level 10 in Axes
 10632 | D:10     | Found a flagged portal.
 10797 | Bailey   | Entered a bailey
 10806 | Bailey   | Noticed an orc warlord
 10832 | Bailey   | Noticed an orc knight
 10844 | Bailey   | Killed an orc knight
 11198 | Bailey   | Found a runed translucent gate.
 11219 | Bailey   | Found a runed translucent gate.
 11220 | Bailey   | Found a runed translucent gate.
 11430 | Bailey   | Killed an orc warlord
 11431 | Bailey   | Reached skill level 5 in Stealth
 11794 | D:10     | Found a portal to a secret trove of treasure.
 11883 | D:10     | Noticed a two-headed ogre
 11885 | D:10     | Killed a two-headed ogre
 11886 | D:10     | Reached skill level 10 in Armour
 11894 | D:10     | Reached XP level 11. HP: 88/97 MP: 3/10
 11977 | D:10     | Reached skill level 5 in Evocations
 12367 | D:10     | Found a staircase to the Orcish Mines.
 12615 | D:10     | Found a bloodstained altar of Trog.
 12825 | D:11     | Noticed a green ugly thing
 12833 | D:11     | Killed a green ugly thing
 12834 | D:11     | Reached skill level 11 in Axes
 12969 | D:11     | Noticed a death knight
 12978 | D:11     | Killed a death knight
 13576 | D:11     | Noticed a two-headed ogre
 13583 | D:11     | Killed a two-headed ogre
 13584 | D:11     | Reached skill level 10 in Fighting
 13597 | D:11     | Found a staircase to the Lair.
 13677 | D:11     | Identified the amulet "Zogar" {Acrobat rC- Str+5}
 14225 | D:12     | Noticed a two-headed ogre
 14231 | D:12     | Killed a two-headed ogre
 14232 | D:12     | Reached skill level 12 in Axes
 14510 | D:12     | Noticed a red ugly thing
 14518 | D:12     | Killed a red ugly thing
 14659 | D:12     | Reached XP level 12. HP: 91/108 MP: 3/11
 14767 | D:12     | Noticed Sonja
 14778 | D:12     | Killed Sonja
 14989 | D:12     | Noticed a centaur warrior
 14998 | D:12     | Killed a centaur warrior
 15400 | D:13     | Noticed Urug
 15406 | D:13     | Killed Urug
 15939 | D:13     | Noticed a boulder beetle
 15945 | D:13     | Killed a boulder beetle
 15947 | D:13     | Reached skill level 13 in Axes
 15954 | D:13     | Noticed a boulder beetle
 16833 | D:13     | Killed a boulder beetle
 17001 | D:13     | Found a basalt altar of Yredelemnul.
 17504 | D:14     | Noticed a centaur warrior
 17516 | D:14     | Killed a centaur warrior
 17845 | D:14     | Noticed a six-headed hydra
 17853 | D:14     | Killed an 11-headed hydra
 18092 | D:14     | Noticed a tengu warrior
 18101 | D:14     | Killed a tengu warrior
 18378 | D:14     | Noticed Josephine
 18405 | D:14     | Killed Josephine
 18657 | D:14     | Noticed a centaur warrior
 18667 | D:14     | Killed a centaur warrior
 18668 | D:14     | Reached XP level 13. HP: 107/117 MP: 4/12
 18746 | D:14     | Found a gate to the Vaults.
 18793 | D:14     | Noticed Louise
 18823 | D:14     | Killed Louise
 18824 | D:14     | Reached skill level 14 in Axes
 19190 | D:14     | Identified Roxanne's Volume of Clay
 19190 | D:14     | Noticed Roxanne
 19205 | D:14     | Killed Roxanne
 19441 | D:15     | Entered Level 15 of the Dungeon
 20050 | D:15     | Noticed Jorgrun
 20316 | D:15     | Killed Jorgrun
 20641 | D:14     | Received a gift from Trog
 21071 | D:15     | Found a staircase to the Depths.
 21530 | D:15     | Reached skill level 15 in Axes
 22556 | Lair:1   | Entered Level 1 of the Lair of Beasts
 23720 | Lair:2   | Reached XP level 14. HP: 123/129 MP: 4/13
 23801 | Lair:2   | Noticed Gastronok
 23817 | Lair:2   | Killed Gastronok
 23967 | Lair:2   | Found a gate leading to a gauntlet.
 23979 | Gauntlet | Entered a Gauntlet
 23979 | Gauntlet | Found a transporter.
 23991 | Gauntlet | Found a transporter.
 23992 | Gauntlet | Found a transporter.
 23993 | Gauntlet | Found a transporter.
 24000 | Gauntlet | Found a transporter.
 24003 | Gauntlet | Found a transporter.
 24004 | Gauntlet | Found a transporter.
 24014 | Gauntlet | Found a transporter.
 24016 | Gauntlet | Found a transporter.
 24017 | Gauntlet | Found a transporter.
 24029 | Gauntlet | Found a transporter.
 24030 | Gauntlet | Found a transporter.
 24034 | Gauntlet | Found a transporter.
 24037 | Gauntlet | Found a runed translucent door.
 24040 | Gauntlet | Found a transporter.
 24328 | Gauntlet | Reached skill level 16 in Axes
 24396 | Gauntlet | HP: 1/129 [entropy weaver (6)]
 24397 | Gauntlet | Slain by an entropy weaver

Illustrated notes

Levels and vault maps discovered:
D:1:      amcnicky_arrival_double_pillar, layout_basic,
          chequers_ecumenical_altar_simple
D:2:      minmay_spotlight, layout_rooms, basic_altar,
          chequers_serial_rivers_micro_d, minmay_tetromino_i2, uniq_sigmund
D:3:      layout_basic, lemuel_tele_altar, amcnicky_altar_gilded
D:4:      layout_rooms, nicolae_overflow_crystal_walls, kennysheep_mini
D:5:      layout_loops_ring, guppyfry_early_orc_mine
D:6:      layout_basic, tgw_xom, hellmonk_bongcloud_opening, minmay_misc_feat_x,
          minmay_fractal_squares_gapless_5
D:7:      layout_basic, grunt_gozag_breadcrumbs, lemuel_blue_sif_altar,
          minmay_temple_entry_trees, hangedman_abyss_or_decor_lesser_grid
D:8:      layout_loops_corners
D:9:      layout_gridville, mainiacjoe_overflow_boulevard,
          gammafunk_temple_overflow_elements
D:10:     layout_loops_ring, tgw_trog, david_orc_4, trove_entry_hex_spiral,
          enter_bailey_5
D:11:     layout_rooms, minmay_lair_entry_grove
D:12:     minmay_weird_star, layout_basic, uniq_sonja
D:13:     layout_rooms, minmay_crystal_water, hangedman_decor_points,
          yredelemnul_forgotten_temple_becter, uniq_urug
D:14:     layout_loops_ring, david_vaults_2, uniq_louise, uniq_roxanne,
          uniq_josephine
D:15:     gammafunk_depths_entry_grave, layout_loops_corners,
          minmay_misc_feat_alley, uniq_jorgrun
Lair:1:   layout_regular_city
Lair:2:   layout_layer_cave, gauntlet_entry_generic, lemuel_fruit_tree,
          infiniplex_staircase_pool_2, uniq_gastronok
Gauntlet: gammafunk_gauntlet_77_escape_option
          [minmay_gauntlet_arena_77_p_blocks,
          minmay_gauntlet_arena_77_block_sizes,
          minmay_gauntlet_arena_77_two_paths,
          minmay_gauntlet_arena_77_two_lines, minmay_gauntlet_arena_77_path,
          gauntlet_exit_watery]

Skill      XL: |  1  2  3  4  5  6  7  8  9 10 11 12 13 14 |
---------------+-------------------------------------------+-----
Fighting       | 4 5 6 7 8 9 10 11 13 | 13.3
Axes           | 4 5 6 7 8 9 10 12 13 15 16 | 16.0
Armour         | 3 4 5 6 8 10 11 12 13 | 13.8
Dodging        | 3 4 5 6 7 8 9 |  9.6
Stealth        | 1 2 3 4 5 6 7 |  7.8
Evocations     | 1 2 3 4 5 6 7 |  7.6

Action                   |  1- 3 |  4- 6 |  7- 9 | 10-12 | 13-15 || total
-------------------------+-------+-------+-------+-------+-------++-------
Melee: Hand axe          |    82 |    39 |       |       |       ||   121
       Headbutt          |    15 |    10 |    44 |    61 |    65 ||   195
       War axe           |       |    59 |   212 |       |       ||   271
       Punch             |       |     1 |     3 |       |       ||     4
       Battleaxe         |       |       |    67 |   337 |   274 ||   678
Invok: Berserk           |     1 |     2 |     4 |    10 |    11 ||    28
       Trog's Hand       |       |       |       |     1 |       ||     1
Evoke: Wand              |       |       |       |     4 |       ||     4
  Use: Scroll            |       |       |     9 |    13 |     6 ||    28
       Potion            |       |       |       |       |     3 ||     3
Armor: Animal skin       |    13 |       |       |       |       ||    13
       Chain mail        |     3 |    48 |   152 |   186 |   144 ||   533
Dodge: Dodged            |    53 |    42 |   160 |   273 |   200 ||   728
